Penguins vs Flames

Created - May-05-14 at 21:16

Goals
1 2 3 OT1 T
Penguins 0 0 2 1 3
Flames 2 0 0 0 2
Shots
1 2 3 OT1 T
Penguins 4 12 15 6 37
Flames 14 12 5 7 38

1st period

1. Flames , Michael Grabner 6 (Michael Ryder, Ladislav Smid) at 0:53
2. Flames , Michael Ryder 9 (Andrew MacDonald) at 7:47

Penalties :
Brendan Gallagher (PIT) for Hooking (Minor) at 9:49, Michael Ryder (CGY) for Hooking (Minor) at 12:50

2nd period

No Goal

Penalties :
Stephane Robidas (PIT) for Tripping (Minor) at 0:26, Stephane Robidas (PIT) for Delaying the game (Minor) at 13:45, Andrew MacDonald (CGY) for Tripping (Minor) at 19:21

3rd period

3. Penguins , Victor Hedman 6 (Stephane Robidas, Ryan Getzlaf) at 4:19 (PP)
4. Penguins , Andrew Ladd 7 (Ryan Suter, John Tavares) at 7:52 (PP)

Penalties :
Ladislav Smid (CGY) for Tripping (Minor) at 2:32, Ryan Kesler (CGY) for Hooking (Minor) at 6:53, Gabriel Landeskog (PIT) for Hooking (Minor) at 16:04

Overtime #1

5. Penguins , Victor Hedman 7 (Stephane Robidas, Brendan Gallagher) at 15:14

Penalties :
Erik Johnson (CGY) for Holding (Minor) at 1:35, Brandon Saad (PIT) for Roughing (Minor) at 3:35, Jack Johnson (CGY) for Fighting (Major) at 5:41, Ryan Suter (PIT) for Fighting (Major) at 5:41, Ladislav Smid (CGY) for Fighting (Major) at 5:41, Kris Letang (PIT) for Fighting (Major) at 5:41, Ladislav Smid (CGY) for instigated a fight (Game Misconduct) at 5:41, Sam Gagner (CGY) for Roughing (Minor) at 5:41, Radek Dvorak (CGY) for Roughing (Minor) at 5:41, Brendan Gallagher (PIT) for Roughing (Minor) at 5:41, Stephen Weiss (PIT) for Roughing (Minor) at 5:41, Mike Cammalleri (CGY) for Hooking (Minor) at 5:41, Andrew Ladd (PIT) for Roughing (Minor) at 11:15

Goalie Stats

Marc-Andre Fleury (PIT), 36 saves from 38 shots - (0.947), W, 14-8-1, 75:15 minutes
Jonathan Quick (CGY), 34 saves from 37 shots - (0.919), OTL, 13-4-2, 75:15 minutes

Players Stats for Penguins

Player Name              G  A  P  +/- PIM S  H  SB GA TA FO     MP     PP MP  PK MP  
------------------------------------------------------------------------------------
Alexander Steen          0  0  0  -1  0   4  0  0  0  0  2/2    22:47   4:23   0:10 
Andrew Ladd              1  0  1   0  2   6  3  0  0  0  1/4    25:28   6:19   1:14 
Barret Jackman           0  0  0   0  0   1  3  1  0  0  0/0    16:28   1:05   5:30 
Brandon Saad             0  0  0   0  2   1  0  0  0  0  0/0    16:16   0:00   3:19 
Brendan Gallagher        0  1  1   0  4   2  0  0  0  0  1/1    12:56   0:00   0:00 
David Moss               0  0  0   0  0   1  2  0  0  0  0/1    11:52   0:00   7:39 
David Perron             0  0  0  -1  0   1  2  1  0  0  1/1    22:13   4:23   0:00 
Ed Jovanovski            0  0  0   0  0   0  0  0  0  0  0/0     7:18   0:54   0:00 
Gabriel Landeskog        0  0  0   0  2   4  2  0  0  0  0/1    24:14   6:19   0:00 
John Tavares             0  1  1   0  0   4  1  1  0  0  16/31  24:15   6:19   0:00 
Kris Letang              0  0  0   0  5   1  2  1  0  0  0/0    25:52   5:56   1:35 
Matt Hunwick             0  0  0   0  0   1  0  2  0  0  0/0    16:42   1:05   0:42 
Ruslan Fedotenko         0  0  0   0  0   0  1  0  0  0  0/0     3:55   0:00   0:00 
Ryan Getzlaf             0  1  1  -1  0   7  9  1  0  0  18/34  26:48   4:23   4:19 
Ryan Suter               0  1  1   0  5   1  1  1  0  0  0/0    28:09   5:56   3:52 
Stephane Robidas         0  2  2  -1  4   1  4  1  0  0  0/0    27:26   3:41   4:49 
Stephen Weiss            0  0  0   0  2   0  0  0  0  0  20/34  23:25   0:00   7:07 
Victor Hedman            2  0  2  -1  0   2  0  0  0  0  0/0    28:07   2:47   7:20 

Players Stats for Flames

Player Name              G  A  P  +/- PIM S  H  SB GA TA FO     MP     PP MP  PK MP  
------------------------------------------------------------------------------------
Andrew MacDonald         0  1  1   1  2   3  0  4  0  0  0/0    31:21   4:52   4:01 
Anze Kopitar             0  0  0  -1  0   4  1  0  0  0  19/36  27:40   6:54   0:26 
Bryce Salvador           0  0  0   0  0   0  1  1  0  0  0/0    26:46   0:00   4:49 
Dustin Brown             0  0  0  -1  0   2  4  2  0  0  0/0    30:46   6:54   3:32 
Erik Johnson             0  0  0   0  2   0  1  1  0  0  0/0    22:06   7:02   2:45 
Jack Johnson             0  0  0   0  5   1  0  2  0  0  0/0    28:09   4:52   4:50 
Jeff Skinner             0  0  0  -1  0   6  0  1  0  0  1/2    27:37   6:54   0:23 
Ladislav Smid            0  1  1   1  19  2  4  3  0  0  0/0    20:22   0:00   3:56 
Michael Grabner          1  0  1   2  0   5  0  0  0  0  0/3    26:15   5:00   5:11 
Michael Ryder            1  1  2   2  2   7  2  0  0  0  0/1    21:03   5:00   0:00 
Mike Cammalleri          0  0  0   0  2   1  0  0  0  0  4/11   16:14   0:00   0:00 
Pierre-Marc Bouchard     0  0  0   0  0   0  0  0  0  0  0/0     0:00   0:00   0:00 
Radek Dvorak             0  0  0   0  2   1  1  0  0  0  0/4    16:14   0:00   0:00 
Ryan Kesler              0  0  0   2  2   4  6  0  0  0  17/31  21:41   5:00   0:00 
Sam Gagner               0  0  0   0  2   1  1  0  0  0  0/1    16:14   0:00   0:00 
Shawn Horcoff            0  0  0   0  0   0  0  0  0  0  6/11    6:59   0:00   6:21 
Tomas Kopecky            0  0  0   0  0   0  0  0  0  0  3/9     3:32   0:00   3:32 
Toni Lydman              0  0  0   0  0   1  1  0  0  0  0/0    20:25   7:02   1:03 

3 Stars

1 - Michael Ryder (CGY)
2 - Victor Hedman (PIT)
3 - Michael Grabner (CGY)

Power Play

Penguins - 2 on 7 Attempt(s) - 28.57%
Flames - 0 on 6 Attempt(s) - 0.00%

Penalty Kill

Penguins - 6 on 6 Attempt(s) - 100.00% - Score 0 goal in Penalty Kill
Flames - 5 on 7 Attempt(s) - 71.43% - Score 0 goal in Penalty Kill

Official

Referees : Ghislain Hebert and Justin StPierre
Linesman : Brad Kovachik and Derek Amell

Game Notes

General Fight at 5:41 of 1st overtime period
Jack Johnson beats up Ryan Suter at 5:41 of 1st overtime period
Ladislav Smid beats up Kris Letang at 5:41 of 1st overtime period
Ladislav Smid ejected from game at 5:41 of 1st overtime period

Finance

Level 1 -- Attendance: 6500 (100.00%) -- Ticket Income $682,500
Level 2 -- Attendance: 5000 (100.00%) -- Ticket Income $375,000
Level 3 -- Attendance: 3500 (100.00%) -- Ticket Income $192,500
Level 4 -- Attendance: 3289 (100.00%) -- Ticket Income $131,560
Luxury Box -- Attendance: 1000 (100.00%) -- Ticket Income $200,000
Game was played at the ScotiaBank Saddledome
Total Attendance: 19289 (100.00%)
Total Ticket Income: $1,581,560
Other Income: $237,234
Total Income: $1,818,794


% Time on Ice - Penguins

Lines # - Real PCT - Wanted PCT - Time Play
Normal Forward
1 - 34% - 33% - 17:56
2 - 34% - 33% - 17:50
3 - 25% - 24% - 12:58
4 - 7% - 10% - 3:55
Normal Defense
1 - 41% - 38% - 21:24
2 - 33% - 38% - 17:36
3 - 16% - 20% - 8:37
4 - 10% - 4% - 5:02
PP Forward
1 - 59% - 55% - 6:19
2 - 41% - 45% - 4:23
PP Defense
1 - 74% - 75% - 7:55
2 - 26% - 25% - 2:47
PK Forward
1 - 66% - 60% - 7:49
2 - 34% - 40% - 4:05
PK Defense
1 - 68% - 70% - 8:02
2 - 32% - 30% - 3:52
PK3 Forward
1 - 0% - 55%
2 - 0% - 45%
PK3 Defense
1 - 0% - 55%
2 - 0% - 45%
44 Forward
1 - 0% - 55%
2 - 0% - 45%
44 Defense
1 - 0% - 55%
2 - 0% - 45%
Last Minute Offensive  - 0:00
Last Minute Defensive  - 0:00
Total
Forward - 75:15
Defense - 75:15

% Time on Ice - Flames

Lines # - Real PCT - Wanted PCT - Time Play
Normal Forward
1 - 31% - 30% - 16:34
2 - 31% - 30% - 16:04
3 - 31% - 27% - 16:15
4 - 7% - 13% - 3:46
Normal Defense
1 - 26% - 30% - 13:29
2 - 41% - 30% - 21:30
3 - 21% - 20% - 11:18
4 - 12% - 20% - 6:22
PP Forward
1 - 58% - 50% - 6:54
2 - 42% - 50% - 5:00
PP Defense
1 - 41% - 50% - 4:52
2 - 59% - 50% - 7:02
PK Forward
1 - 41% - 50% - 3:32
2 - 59% - 50% - 5:11
PK Defense
1 - 45% - 50% - 3:53
2 - 55% - 50% - 4:50
PK3 Forward
1 - 78% - 60% - 1:33
2 - 22% - 40% - 0:26
PK3 Defense
1 - 25% - 50% - 0:30
2 - 75% - 50% - 1:29
44 Forward
1 - 0% - 50%
2 - 0% - 50%
44 Defense
1 - 0% - 50%
2 - 0% - 50%
Last Minute Offensive  - 0:00
Last Minute Defensive  - 0:00
Total
Forward - 75:15
Defense - 75:15

Play by Play

1st period


0:01 of 1st period - Anze Kopitar wins face-off versus John Tavares in neutral zone.
0:11 of 1st period - Shot by Andrew MacDonald.
0:11 of 1st period - Stopped by Marc-Andre Fleury without a rebound.
0:12 of 1st period - Ryan Kesler wins face-off versus Ryan Getzlaf in Penguins zone.
0:27 of 1st period - Shot by Michael Grabner.
0:27 of 1st period - Stopped by Marc-Andre Fleury with a rebound.
0:35 of 1st period - Shot by Michael Ryder.
0:35 of 1st period - Shot Misses the Net.
0:41 of 1st period - Shot by Michael Grabner.
0:41 of 1st period - Stopped by Marc-Andre Fleury with a rebound.
0:43 of 1st period - Shot by Ryan Kesler.
0:43 of 1st period - Shot Blocked by Stephane Robidas.
0:51 of 1st period - Shot by Michael Ryder.
0:51 of 1st period - Shot Blocked by Ryan Getzlaf.
0:53 of 1st period - Shot by Michael Grabner.
0:53 of 1st period - Goal by Michael Grabner - Penguins : 0 - Flames : 1.
0:54 of 1st period - Mike Cammalleri wins face-off versus Stephen Weiss in neutral zone.
0:56 of 1st period - Sam Gagner is hit by Barret Jackman and loses puck.
1:21 of 1st period - Shot by Brendan Gallagher.
1:21 of 1st period - Stopped by Jonathan Quick without a rebound.
1:22 of 1st period - Anze Kopitar wins face-off versus John Tavares in Flames zone.
1:55 of 1st period - Icing by Anze Kopitar.
1:56 of 1st period - Anze Kopitar wins face-off versus Stephen Weiss in Flames zone.
1:56 of 1st period - Anze Kopitar is hit by David Moss.
2:26 of 1st period - Jeff Skinner is hit by David Moss and loses puck.
2:41 of 1st period - David Moss is hit by Dustin Brown and loses puck.
2:59 of 1st period - Jeff Skinner is hit by Ruslan Fedotenko and loses puck.
4:37 of 1st period - Icing by Andrew Ladd.
4:38 of 1st period - John Tavares wins face-off versus Ryan Kesler in Penguins zone.
5:06 of 1st period - Andrew Ladd is hit by Erik Johnson and loses puck.
5:19 of 1st period - Off-side.
5:20 of 1st period - Anze Kopitar wins face-off versus Stephen Weiss in neutral zone.
5:44 of 1st period - Shot by Jeff Skinner.
5:44 of 1st period - Stopped by Marc-Andre Fleury without a rebound.
5:45 of 1st period - David Perron wins face-off versus Ryan Kesler in Penguins zone.
5:52 of 1st period - Shot by Ryan Getzlaf.
5:52 of 1st period - Stopped by Jonathan Quick without a rebound.
5:53 of 1st period - Mike Cammalleri wins face-off versus Ryan Getzlaf in Flames zone.
6:05 of 1st period - Icing by Ladislav Smid.
6:06 of 1st period - Mike Cammalleri wins face-off versus Gabriel Landeskog in Flames zone.
6:25 of 1st period - Shot by Mike Cammalleri.
6:25 of 1st period - Shot Misses the Net.
6:27 of 1st period - Shot by Radek Dvorak.
6:27 of 1st period - Shot Misses the Net.
7:33 of 1st period - Brendan Gallagher is hit by Ryan Kesler and loses puck.
7:47 of 1st period - Shot by Michael Ryder.
7:47 of 1st period - Goal by Michael Ryder - Penguins : 0 - Flames : 2.
7:48 of 1st period - Jeff Skinner wins face-off versus Ryan Getzlaf in neutral zone.
8:03 of 1st period - Erik Johnson is hit by Ryan Getzlaf and loses puck.
8:14 of 1st period - Shot by Jeff Skinner.
8:14 of 1st period - Shot Blocked by David Perron.
8:16 of 1st period - Shot by Dustin Brown.
8:16 of 1st period - Deflect By Anze Kopitar.
8:16 of 1st period - Shot Blocked by Matt Hunwick.
8:24 of 1st period - Anze Kopitar is hit by Ryan Getzlaf and loses puck.
8:34 of 1st period - Icing by Matt Hunwick.
8:35 of 1st period - Ryan Kesler wins face-off versus Ryan Getzlaf in Penguins zone.
8:48 of 1st period - Shot by Ryan Kesler.
8:48 of 1st period - Stopped by Marc-Andre Fleury with a rebound.
9:49 of 1st period - Minor Penalty to Brendan Gallagher for Hooking.
9:50 of 1st period - Stephen Weiss wins face-off versus Anze Kopitar in Penguins zone.
9:50 of 1st period - Victor Hedman is hit by Dustin Brown and loses puck.
10:13 of 1st period - Shot by Jeff Skinner.
10:13 of 1st period - Stopped by Marc-Andre Fleury with a rebound.
10:15 of 1st period - Shot by Toni Lydman.
10:15 of 1st period - Shot Misses the Net.
11:34 of 1st period - Shot by Andrew MacDonald.
11:34 of 1st period - Stopped by Marc-Andre Fleury without a rebound.
11:35 of 1st period - Stephen Weiss wins face-off versus Ryan Kesler in Penguins zone.
12:06 of 1st period - Shot by Andrew Ladd.
12:06 of 1st period - Shot Blocked by Andrew MacDonald.
12:08 of 1st period - Shot by Gabriel Landeskog.
12:08 of 1st period - Shot Misses the Net.
12:20 of 1st period - Shot by John Tavares.
12:20 of 1st period - Stopped by Jonathan Quick without a rebound.
12:21 of 1st period - Ryan Kesler wins face-off versus Ryan Getzlaf in Flames zone.
12:21 of 1st period - Ladislav Smid is hit by Ryan Getzlaf and loses puck.
12:25 of 1st period - Jack Johnson is hit by Ryan Getzlaf and loses puck.
12:37 of 1st period - Ladislav Smid is hit by Ryan Getzlaf and loses puck.
12:50 of 1st period - Minor Penalty to Michael Ryder for Hooking.
12:51 of 1st period - Tomas Kopecky wins face-off versus John Tavares in Flames zone.
13:27 of 1st period - Shot by Gabriel Landeskog.
13:27 of 1st period - Deflect By John Tavares.
13:27 of 1st period - Shot Blocked by Ladislav Smid.
13:29 of 1st period - Shot by Gabriel Landeskog.
13:29 of 1st period - Shot Blocked by Dustin Brown.
13:31 of 1st period - Shot by Victor Hedman.
13:31 of 1st period - Shot Blocked by Ladislav Smid.
13:33 of 1st period - Shot by Stephane Robidas.
13:33 of 1st period - Shot Blocked by Dustin Brown.
14:01 of 1st period - Shot by Ryan Suter.
14:01 of 1st period - Shot Blocked by Bryce Salvador.
14:19 of 1st period - Michael Grabner is hit by Ryan Getzlaf and loses puck.
14:56 of 1st period - Shot by Brendan Gallagher.
14:56 of 1st period - Shot Misses the Net.
15:07 of 1st period - Icing by Erik Johnson.
15:08 of 1st period - Stephen Weiss wins face-off versus Radek Dvorak in Flames zone.
15:13 of 1st period - Shot by David Moss.
15:13 of 1st period - Shot Misses the Net.
15:29 of 1st period - Shot by Sam Gagner.
15:29 of 1st period - Stopped by Marc-Andre Fleury without a rebound.
15:30 of 1st period - Ryan Getzlaf wins face-off versus Ryan Kesler in Penguins zone.
15:30 of 1st period - Ryan Getzlaf is hit by Ryan Kesler.
15:38 of 1st period - Icing by Andrew MacDonald.
15:39 of 1st period - Ryan Kesler wins face-off versus Andrew Ladd in Flames zone.
15:44 of 1st period - Shot by Andrew Ladd.
15:44 of 1st period - Stopped by Jonathan Quick without a rebound.
15:45 of 1st period - Anze Kopitar wins face-off versus Andrew Ladd in Flames zone.
15:54 of 1st period - Shot by Jeff Skinner.
15:54 of 1st period - Shot Misses the Net.
15:56 of 1st period - Shot by Jeff Skinner.
15:56 of 1st period - Deflect By Anze Kopitar.
15:56 of 1st period - Stopped by Marc-Andre Fleury without a rebound.
15:57 of 1st period - Ryan Getzlaf wins face-off versus Ryan Kesler in Penguins zone.
16:10 of 1st period - Icing by Ryan Getzlaf.
16:11 of 1st period - Anze Kopitar wins face-off versus Ryan Getzlaf in Penguins zone.
16:54 of 1st period - Shot by Anze Kopitar.
16:54 of 1st period - Shot Misses the Net.
16:56 of 1st period - Shot by Dustin Brown.
16:56 of 1st period - Stopped by Marc-Andre Fleury with a rebound.
17:05 of 1st period - Kris Letang is hit by Ladislav Smid and loses puck.
17:17 of 1st period - Icing by Ladislav Smid.
17:18 of 1st period - John Tavares wins face-off versus Ryan Kesler in Flames zone.
17:18 of 1st period - John Tavares is hit by Ladislav Smid.
18:04 of 1st period - Icing by Stephane Robidas.
18:05 of 1st period - Anze Kopitar wins face-off versus John Tavares in Penguins zone.
19:05 of 1st period - Shot by Radek Dvorak.
19:05 of 1st period - Stopped by Marc-Andre Fleury with a rebound.
19:07 of 1st period - Shot by Toni Lydman.
19:07 of 1st period - Stopped by Marc-Andre Fleury with a rebound.
19:26 of 1st period - Sam Gagner is hit by Kris Letang and loses puck.
19:55 of 1st period - Kris Letang is hit by Ryan Kesler and loses puck.
Goals for this period are 0 for Penguins vs 2 for Flames.
Shots for this period are 4 for Penguins vs 14 for Flames.

2nd period


0:01 of 2nd period - Anze Kopitar wins face-off versus John Tavares in neutral zone.
0:08 of 2nd period - Shot by Jeff Skinner.
0:08 of 2nd period - Stopped by Marc-Andre Fleury without a rebound.
0:09 of 2nd period - Anze Kopitar wins face-off versus John Tavares in Penguins zone.
0:09 of 2nd period - Anze Kopitar is hit by Stephane Robidas.
0:18 of 2nd period - Anze Kopitar is hit by Stephane Robidas and loses puck.
0:26 of 2nd period - Minor Penalty to Stephane Robidas for Tripping.
0:27 of 2nd period - Ryan Kesler wins face-off versus Stephen Weiss in Penguins zone.
0:46 of 2nd period - Shot by Michael Ryder.
0:46 of 2nd period - Shot Misses the Net.
0:48 of 2nd period - Shot by Michael Ryder.
0:48 of 2nd period - Stopped by Marc-Andre Fleury with a rebound.
0:50 of 2nd period - Shot by Toni Lydman.
0:50 of 2nd period - Shot Misses the Net.
1:16 of 2nd period - Icing by Erik Johnson.
1:17 of 2nd period - Ryan Getzlaf wins face-off versus Ryan Kesler in Flames zone.
1:48 of 2nd period - Off-side.
1:49 of 2nd period - Anze Kopitar wins face-off versus David Moss in neutral zone.
2:20 of 2nd period - Shot by Jeff Skinner.
2:20 of 2nd period - Stopped by Marc-Andre Fleury without a rebound.
2:21 of 2nd period - Ryan Getzlaf wins face-off versus Michael Grabner in Penguins zone.
2:21 of 2nd period - Ryan Getzlaf is hit by Ryan Kesler.
4:39 of 2nd period - Shot by Michael Grabner.
4:39 of 2nd period - Shot Blocked by Kris Letang.
4:41 of 2nd period - Shot by Michael Grabner.
4:41 of 2nd period - Stopped by Marc-Andre Fleury with a rebound.
4:43 of 2nd period - Shot by Ryan Kesler.
4:43 of 2nd period - Shot Misses the Net.
4:45 of 2nd period - Shot by Michael Grabner.
4:45 of 2nd period - Shot Blocked by John Tavares.
4:47 of 2nd period - Shot by Ryan Kesler.
4:47 of 2nd period - Shot Misses the Net.
4:49 of 2nd period - Shot by Ryan Kesler.
4:49 of 2nd period - Stopped by Marc-Andre Fleury with a rebound.
5:29 of 2nd period - Shot by Andrew MacDonald.
5:29 of 2nd period - Shot Misses the Net.
5:43 of 2nd period - Shot by David Perron.
5:43 of 2nd period - Deflect By Ryan Getzlaf.
5:43 of 2nd period - Shot Blocked by Andrew MacDonald.
5:45 of 2nd period - Shot by Victor Hedman.
5:45 of 2nd period - Shot Misses the Net.
6:29 of 2nd period - Shot by Brendan Gallagher.
6:29 of 2nd period - Shot Misses the Net.
6:31 of 2nd period - Shot by Barret Jackman.
6:31 of 2nd period - Shot Blocked by Ladislav Smid.
7:17 of 2nd period - Shot by David Moss.
7:17 of 2nd period - Stopped by Jonathan Quick with a rebound.
7:47 of 2nd period - Shot by Ryan Kesler.
7:47 of 2nd period - Stopped by Marc-Andre Fleury without a rebound.
7:48 of 2nd period - Stephen Weiss wins face-off versus Anze Kopitar in Penguins zone.
7:48 of 2nd period - Stephen Weiss is hit by Dustin Brown.
9:09 of 2nd period - Icing by Stephane Robidas.
9:10 of 2nd period - Ryan Kesler wins face-off versus Ryan Getzlaf in Penguins zone.
9:29 of 2nd period - Shot by Ryan Kesler.
9:29 of 2nd period - Shot Misses the Net.
9:49 of 2nd period - Shot by Michael Grabner.
9:49 of 2nd period - Stopped by Marc-Andre Fleury without a rebound.
9:50 of 2nd period - Mike Cammalleri wins face-off versus Stephen Weiss in Penguins zone.
9:50 of 2nd period - Mike Cammalleri is hit by Ryan Suter.
11:06 of 2nd period - Dustin Brown is hit by Barret Jackman and loses puck.
11:31 of 2nd period - Shot by Dustin Brown.
11:31 of 2nd period - Deflect By Anze Kopitar.
11:31 of 2nd period - Shot Blocked by Matt Hunwick.
11:49 of 2nd period - Shot by Ryan Kesler.
11:49 of 2nd period - Shot Misses the Net.
11:51 of 2nd period - Shot by Michael Ryder.
11:51 of 2nd period - Stopped by Marc-Andre Fleury without a rebound.
11:52 of 2nd period - Ryan Kesler wins face-off versus Stephen Weiss in Penguins zone.
11:57 of 2nd period - Shot by Michael Ryder.
11:57 of 2nd period - Shot Misses the Net.
12:58 of 2nd period - Shot by Alexander Steen.
12:58 of 2nd period - Shot Misses the Net.
13:02 of 2nd period - Shot by Ryan Getzlaf.
13:02 of 2nd period - Stopped by Jonathan Quick with a rebound.
13:04 of 2nd period - Shot by Alexander Steen.
13:04 of 2nd period - Stopped by Jonathan Quick without a rebound.
13:05 of 2nd period - Stephen Weiss wins face-off versus Jeff Skinner in Flames zone.
13:05 of 2nd period - Brendan Gallagher is hit by Bryce Salvador.
13:16 of 2nd period - Icing by Ed Jovanovski.
13:17 of 2nd period - Stephen Weiss wins face-off versus Mike Cammalleri in Penguins zone.
13:24 of 2nd period - Shot by Brandon Saad.
13:24 of 2nd period - Shot Misses the Net.
13:26 of 2nd period - Shot by Brendan Gallagher.
13:26 of 2nd period - Stopped by Jonathan Quick without a rebound.
13:27 of 2nd period - Anze Kopitar wins face-off versus Ryan Getzlaf in Flames zone.
13:27 of 2nd period - Andrew MacDonald is hit by David Perron and loses puck.
13:35 of 2nd period - Andrew MacDonald is hit by David Perron and loses puck.
13:45 of 2nd period - Minor Penalty to Stephane Robidas for Delaying the game.
13:46 of 2nd period - Stephen Weiss wins face-off versus Anze Kopitar in Penguins zone.
14:13 of 2nd period - Shot by Jack Johnson.
14:13 of 2nd period - Shot Misses the Net.
14:50 of 2nd period - Shot by Michael Ryder.
14:50 of 2nd period - Stopped by Marc-Andre Fleury without a rebound.
14:51 of 2nd period - Ryan Kesler wins face-off versus Ryan Getzlaf in Penguins zone.
15:06 of 2nd period - Shot by Ryan Kesler.
15:06 of 2nd period - Shot Misses the Net.
15:12 of 2nd period - Shot by Ryan Kesler.
15:12 of 2nd period - Shot Misses the Net.
15:20 of 2nd period - Shot by Michael Ryder.
15:20 of 2nd period - Stopped by Marc-Andre Fleury without a rebound.
15:21 of 2nd period - Anze Kopitar wins face-off versus Stephen Weiss in Penguins zone.
15:41 of 2nd period - Anze Kopitar is hit by Barret Jackman and loses puck.
15:54 of 2nd period - Shot by Andrew Ladd.
15:54 of 2nd period - Stopped by Jonathan Quick without a rebound.
15:55 of 2nd period - Ryan Getzlaf wins face-off versus Sam Gagner in Flames zone.
16:21 of 2nd period - Shot by Ryan Getzlaf.
16:21 of 2nd period - Stopped by Jonathan Quick without a rebound.
16:22 of 2nd period - John Tavares wins face-off versus Anze Kopitar in Flames zone.
16:23 of 2nd period - Shot by Gabriel Landeskog.
16:23 of 2nd period - Stopped by Jonathan Quick without a rebound.
16:24 of 2nd period - Anze Kopitar wins face-off versus John Tavares in Flames zone.
16:37 of 2nd period - Shot by Jeff Skinner.
16:37 of 2nd period - Shot Misses the Net.
16:39 of 2nd period - Shot by Anze Kopitar.
16:39 of 2nd period - Shot Misses the Net.
16:41 of 2nd period - Shot by Ladislav Smid.
16:41 of 2nd period - Stopped by Marc-Andre Fleury without a rebound.
16:42 of 2nd period - Ryan Getzlaf wins face-off versus Ryan Kesler in Penguins zone.
16:42 of 2nd period - Ryan Getzlaf is hit by Michael Ryder.
16:47 of 2nd period - Off-side.
16:48 of 2nd period - Anze Kopitar wins face-off versus Ryan Getzlaf in neutral zone.
17:13 of 2nd period - Shot by Ryan Getzlaf.
17:13 of 2nd period - Stopped by Jonathan Quick without a rebound.
17:14 of 2nd period - Ryan Kesler wins face-off versus Stephen Weiss in Flames zone.
17:21 of 2nd period - Shot by Ryan Kesler.
17:21 of 2nd period - Stopped by Marc-Andre Fleury without a rebound.
17:22 of 2nd period - John Tavares wins face-off versus Ryan Kesler in Penguins zone.
17:30 of 2nd period - Icing by Barret Jackman.
17:31 of 2nd period - John Tavares wins face-off versus Anze Kopitar in Penguins zone.
17:43 of 2nd period - Shot by Andrew Ladd.
17:43 of 2nd period - Shot Misses the Net.
17:45 of 2nd period - Shot by Gabriel Landeskog.
17:45 of 2nd period - Stopped by Jonathan Quick without a rebound.
17:46 of 2nd period - Ryan Kesler wins face-off versus Ryan Getzlaf in Flames zone.
18:11 of 2nd period - Ryan Kesler is hit by Ryan Getzlaf and loses puck.
18:26 of 2nd period - Shot by David Perron.
18:26 of 2nd period - Stopped by Jonathan Quick without a rebound.
18:27 of 2nd period - Anze Kopitar wins face-off versus Stephen Weiss in Flames zone.
18:49 of 2nd period - Off-side.
18:50 of 2nd period - John Tavares wins face-off versus Mike Cammalleri in neutral zone.
18:56 of 2nd period - Shot by Matt Hunwick.
18:56 of 2nd period - Stopped by Jonathan Quick with a rebound.
19:16 of 2nd period - Shot by Andrew Ladd.
19:16 of 2nd period - Shot Misses the Net.
19:18 of 2nd period - Shot by Barret Jackman.
19:18 of 2nd period - Stopped by Jonathan Quick without a rebound.
19:19 of 2nd period - Alexander Steen wins face-off versus Anze Kopitar in Flames zone.
19:21 of 2nd period - Minor Penalty to Andrew MacDonald for Tripping.
19:22 of 2nd period - Ryan Getzlaf wins face-off versus Shawn Horcoff in Flames zone.
Goals for this period are 0 for Penguins vs 0 for Flames.
Shots for this period are 12 for Penguins vs 12 for Flames.

3rd period


0:01 of 3rd period - John Tavares wins face-off versus Tomas Kopecky in neutral zone.
0:01 of 3rd period - John Tavares is hit by Dustin Brown.
0:14 of 3rd period - Icing by Andrew Ladd.
0:15 of 3rd period - Tomas Kopecky wins face-off versus John Tavares in Penguins zone.
0:23 of 3rd period - Icing by Ryan Suter.
0:24 of 3rd period - John Tavares wins face-off versus Tomas Kopecky in Penguins zone.
0:35 of 3rd period - Shot by Ryan Suter.
0:35 of 3rd period - Stopped by Jonathan Quick without a rebound.
0:36 of 3rd period - Alexander Steen wins face-off versus Michael Grabner in Flames zone.
0:37 of 3rd period - Shot by Kris Letang.
0:37 of 3rd period - Stopped by Jonathan Quick without a rebound.
0:38 of 3rd period - John Tavares wins face-off versus Tomas Kopecky in Flames zone.
0:47 of 3rd period - Shot by Gabriel Landeskog.
0:47 of 3rd period - Shot Misses the Net.
1:23 of 3rd period - Shot by Ryan Getzlaf.
1:23 of 3rd period - Shot Misses the Net.
1:25 of 3rd period - Shot by Alexander Steen.
1:25 of 3rd period - Stopped by Jonathan Quick without a rebound.
1:26 of 3rd period - Ryan Getzlaf wins face-off versus Anze Kopitar in Flames zone.
1:33 of 3rd period - Shot by Ryan Getzlaf.
1:33 of 3rd period - Stopped by Jonathan Quick without a rebound.
1:34 of 3rd period - Ryan Getzlaf wins face-off versus Anze Kopitar in Flames zone.
2:32 of 3rd period - Minor Penalty to Ladislav Smid for Tripping.
2:33 of 3rd period - Shawn Horcoff wins face-off versus John Tavares in Flames zone.
2:33 of 3rd period - Shawn Horcoff is hit by Andrew Ladd.
2:40 of 3rd period - Icing by Gabriel Landeskog.
2:41 of 3rd period - John Tavares wins face-off versus Michael Grabner in Penguins zone.
2:43 of 3rd period - Icing by Ryan Suter.
2:44 of 3rd period - Shawn Horcoff wins face-off versus John Tavares in Penguins zone.
2:59 of 3rd period - Shot by Andrew Ladd.
2:59 of 3rd period - Shot Misses the Net.
3:07 of 3rd period - Shot by Ryan Suter.
3:07 of 3rd period - Shot Blocked by Erik Johnson.
3:09 of 3rd period - Shot by Andrew Ladd.
3:09 of 3rd period - Shot Blocked by Jack Johnson.
3:11 of 3rd period - Shot by Ryan Suter.
3:11 of 3rd period - Shot Misses the Net.
3:13 of 3rd period - Shot by Andrew Ladd.
3:13 of 3rd period - Stopped by Jonathan Quick without a rebound.
3:14 of 3rd period - Ryan Getzlaf wins face-off versus Tomas Kopecky in Flames zone.
3:26 of 3rd period - Icing by Stephane Robidas.
3:27 of 3rd period - Ryan Getzlaf wins face-off versus Tomas Kopecky in Penguins zone.
3:38 of 3rd period - Shot by Stephane Robidas.
3:38 of 3rd period - Stopped by Jonathan Quick without a rebound.
3:39 of 3rd period - Shawn Horcoff wins face-off versus John Tavares in Flames zone.
4:13 of 3rd period - Shot by Andrew Ladd.
4:13 of 3rd period - Stopped by Jonathan Quick without a rebound.
4:14 of 3rd period - Ryan Getzlaf wins face-off versus Shawn Horcoff in Flames zone.
4:17 of 3rd period - Shot by Victor Hedman.
4:17 of 3rd period - Shot Misses the Net.
4:19 of 3rd period - Shot by Victor Hedman.
4:19 of 3rd period - Goal by Victor Hedman - Penguins : 1 - Flames : 2.
4:20 of 3rd period - Stephen Weiss wins face-off versus Ryan Kesler in neutral zone.
4:24 of 3rd period - Brandon Saad is hit by Ladislav Smid.
6:20 of 3rd period - Icing by Anze Kopitar.
6:21 of 3rd period - Ryan Getzlaf wins face-off versus Anze Kopitar in Flames zone.
6:47 of 3rd period - Ryan Getzlaf is hit by Michael Ryder and loses puck.
6:53 of 3rd period - Minor Penalty to Ryan Kesler for Hooking.
6:54 of 3rd period - Shawn Horcoff wins face-off versus John Tavares in Flames zone.
7:24 of 3rd period - Off-side.
7:25 of 3rd period - Tomas Kopecky wins face-off versus Ryan Getzlaf in neutral zone.
7:37 of 3rd period - Icing by Ryan Getzlaf.
7:38 of 3rd period - Shawn Horcoff wins face-off versus Ryan Getzlaf in Penguins zone.
7:48 of 3rd period - Shot by Ryan Getzlaf.
7:48 of 3rd period - Stopped by Jonathan Quick without a rebound.
7:49 of 3rd period - John Tavares wins face-off versus Tomas Kopecky in Flames zone.
7:50 of 3rd period - Shot by Ryan Suter.
7:50 of 3rd period - Shot Misses the Net.
7:52 of 3rd period - Shot by Andrew Ladd.
7:52 of 3rd period - Goal by Andrew Ladd - Penguins : 2 - Flames : 2.
7:53 of 3rd period - John Tavares wins face-off versus Radek Dvorak in neutral zone.
8:51 of 3rd period - Icing by Andrew Ladd.
8:52 of 3rd period - John Tavares wins face-off versus Anze Kopitar in Penguins zone.
9:27 of 3rd period - Shot by Jeff Skinner.
9:27 of 3rd period - Stopped by Marc-Andre Fleury without a rebound.
9:28 of 3rd period - Ryan Kesler wins face-off versus Stephen Weiss in Penguins zone.
9:49 of 3rd period - Shot by Brendan Gallagher.
9:49 of 3rd period - Deflect By Stephen Weiss.
9:49 of 3rd period - Shot Misses the Net.
9:56 of 3rd period - Icing by Ryan Kesler.
9:57 of 3rd period - Ryan Kesler wins face-off versus Ryan Getzlaf in Flames zone.
9:57 of 3rd period - Michael Ryder is hit by Ryan Getzlaf.
10:42 of 3rd period - David Perron is hit by Ladislav Smid and loses puck.
10:52 of 3rd period - Off-side.
10:53 of 3rd period - John Tavares wins face-off versus Anze Kopitar in neutral zone.
11:28 of 3rd period - Shot by Jeff Skinner.
11:28 of 3rd period - Stopped by Marc-Andre Fleury without a rebound.
11:29 of 3rd period - Brendan Gallagher wins face-off versus Radek Dvorak in Penguins zone.
11:29 of 3rd period - Brandon Saad is hit by Sam Gagner and loses puck.
11:52 of 3rd period - Shot by Brandon Saad.
11:52 of 3rd period - Shot Misses the Net.
11:54 of 3rd period - Shot by Brandon Saad.
11:54 of 3rd period - Stopped by Jonathan Quick without a rebound.
11:55 of 3rd period - Anze Kopitar wins face-off versus Ryan Getzlaf in Flames zone.
12:29 of 3rd period - Shot by Anze Kopitar.
12:29 of 3rd period - Shot Misses the Net.
12:31 of 3rd period - Shot by Jeff Skinner.
12:31 of 3rd period - Shot Misses the Net.
13:13 of 3rd period - Shot by Gabriel Landeskog.
13:13 of 3rd period - Stopped by Jonathan Quick without a rebound.
13:14 of 3rd period - Stephen Weiss wins face-off versus Mike Cammalleri in Flames zone.
13:16 of 3rd period - Brandon Saad is hit by Toni Lydman.
13:40 of 3rd period - Off-side.
13:41 of 3rd period - Ryan Kesler wins face-off versus John Tavares in neutral zone.
14:09 of 3rd period - Jack Johnson is hit by Stephane Robidas and loses puck.
14:33 of 3rd period - Icing by Jack Johnson.
14:34 of 3rd period - Ryan Kesler wins face-off versus Stephen Weiss in Flames zone.
14:57 of 3rd period - Shot by Anze Kopitar.
14:57 of 3rd period - Stopped by Marc-Andre Fleury without a rebound.
14:58 of 3rd period - Ryan Getzlaf wins face-off versus Mike Cammalleri in Penguins zone.
15:32 of 3rd period - Shot by Mike Cammalleri.
15:32 of 3rd period - Stopped by Marc-Andre Fleury with a rebound.
15:40 of 3rd period - Shot by Sam Gagner.
15:40 of 3rd period - Shot Misses the Net.
16:01 of 3rd period - Off-side.
16:02 of 3rd period - Ryan Kesler wins face-off versus Andrew Ladd in neutral zone.
16:02 of 3rd period - Michael Ryder is hit by Gabriel Landeskog and loses puck.
16:04 of 3rd period - Minor Penalty to Gabriel Landeskog for Hooking.
16:05 of 3rd period - Stephen Weiss wins face-off versus Ryan Kesler in Penguins zone.
16:05 of 3rd period - Stephen Weiss is hit by Ryan Kesler.
16:14 of 3rd period - Icing by Andrew MacDonald.
16:15 of 3rd period - Ryan Kesler wins face-off versus Stephen Weiss in Flames zone.
16:44 of 3rd period - Shot by Andrew MacDonald.
16:44 of 3rd period - Stopped by Marc-Andre Fleury with a rebound.
17:59 of 3rd period - Off-side.
18:00 of 3rd period - Stephen Weiss wins face-off versus Michael Ryder in neutral zone.
18:08 of 3rd period - Bryce Salvador is hit by Andrew Ladd and loses puck.
18:19 of 3rd period - Shot by John Tavares.
18:19 of 3rd period - Stopped by Jonathan Quick without a rebound.
18:20 of 3rd period - Ryan Getzlaf wins face-off versus Mike Cammalleri in Flames zone.
18:23 of 3rd period - Shot by Alexander Steen.
18:23 of 3rd period - Deflect By David Perron.
18:23 of 3rd period - Shot Misses the Net.
18:25 of 3rd period - Shot by Ryan Suter.
18:25 of 3rd period - Shot Misses the Net.
18:35 of 3rd period - Shot by Ryan Getzlaf.
18:35 of 3rd period - Stopped by Jonathan Quick without a rebound.
18:36 of 3rd period - John Tavares wins face-off versus Ryan Kesler in Flames zone.
18:52 of 3rd period - Shot by John Tavares.
18:52 of 3rd period - Stopped by Jonathan Quick without a rebound.
18:53 of 3rd period - Stephen Weiss wins face-off versus Anze Kopitar in Flames zone.
19:21 of 3rd period - Anze Kopitar is hit by Kris Letang and loses puck.
Goals for this period are 2 for Penguins vs 0 for Flames.
Shots for this period are 15 for Penguins vs 5 for Flames.

Overtime #1


0:01 of 1st overtime period - Anze Kopitar wins face-off versus John Tavares in neutral zone.
0:38 of 1st overtime period - Shot by John Tavares.
0:38 of 1st overtime period - Stopped by Jonathan Quick with a rebound.
0:40 of 1st overtime period - Shot by Gabriel Landeskog.
0:40 of 1st overtime period - Shot Blocked by Andrew MacDonald.
0:55 of 1st overtime period - Anze Kopitar is hit by Ryan Getzlaf and loses puck.
1:16 of 1st overtime period - Shot by Michael Ryder.
1:16 of 1st overtime period - Stopped by Marc-Andre Fleury with a rebound.
1:26 of 1st overtime period - Shot by Ryan Kesler.
1:26 of 1st overtime period - Shot Blocked by Ryan Suter.
1:28 of 1st overtime period - Shot by Ladislav Smid.
1:28 of 1st overtime period - Stopped by Marc-Andre Fleury without a rebound.
1:29 of 1st overtime period - Stephen Weiss wins face-off versus Radek Dvorak in Penguins zone.
1:29 of 1st overtime period - Brandon Saad is hit by Radek Dvorak and loses puck.
1:35 of 1st overtime period - Minor Penalty to Erik Johnson for Holding.
1:36 of 1st overtime period - Shawn Horcoff wins face-off versus John Tavares in Flames zone.
1:36 of 1st overtime period - Shawn Horcoff is hit by John Tavares.
2:44 of 1st overtime period - Shot by Alexander Steen.
2:44 of 1st overtime period - Stopped by Jonathan Quick without a rebound.
2:45 of 1st overtime period - Ryan Getzlaf wins face-off versus Shawn Horcoff in Flames zone.
2:56 of 1st overtime period - Shot by Kris Letang.
2:56 of 1st overtime period - Shot Blocked by Andrew MacDonald.
3:35 of 1st overtime period - Minor Penalty to Brandon Saad for Roughing.
3:36 of 1st overtime period - Stephen Weiss wins face-off versus Anze Kopitar in Penguins zone.
3:36 of 1st overtime period - Stephen Weiss is hit by Anze Kopitar.
4:08 of 1st overtime period - Shot by Dustin Brown.
4:08 of 1st overtime period - Stopped by Marc-Andre Fleury without a rebound.
4:09 of 1st overtime period - Stephen Weiss wins face-off versus Ryan Kesler in Penguins zone.
4:32 of 1st overtime period - Shot by Michael Ryder.
4:32 of 1st overtime period - Shot Misses the Net.
4:34 of 1st overtime period - Shot by Jack Johnson.
4:34 of 1st overtime period - Stopped by Marc-Andre Fleury without a rebound.
4:35 of 1st overtime period - Anze Kopitar wins face-off versus Ryan Getzlaf in Penguins zone.
5:29 of 1st overtime period - Icing by Jack Johnson.
5:30 of 1st overtime period - Ryan Kesler wins face-off versus Stephen Weiss in Flames zone.
5:34 of 1st overtime period - Off-side.
5:35 of 1st overtime period - Stephen Weiss wins face-off versus Mike Cammalleri in neutral zone.
5:41 of 1st overtime period - Jack Johnson beats up Ryan Suter.
5:41 of 1st overtime period - Penalty to Jack Johnson for Fighting.
5:41 of 1st overtime period - Penalty to Ryan Suter for Fighting.
5:41 of 1st overtime period - Ladislav Smid beats up Kris Letang.
5:41 of 1st overtime period - Penalty to Ladislav Smid for Fighting.
5:41 of 1st overtime period - Penalty to Kris Letang for Fighting.
5:41 of 1st overtime period - Penalty to Ladislav Smid for instigated a fight.
5:41 of 1st overtime period - Ladislav Smid is ejected from game.
5:41 of 1st overtime period - Minor Penalty to Sam Gagner for Roughing.
5:41 of 1st overtime period - Minor Penalty to Radek Dvorak for Roughing.
5:41 of 1st overtime period - Minor Penalty to Brendan Gallagher for Roughing.
5:41 of 1st overtime period - Minor Penalty to Stephen Weiss for Roughing.
5:41 of 1st overtime period - Minor Penalty to Mike Cammalleri for Hooking.
5:42 of 1st overtime period - John Tavares wins face-off versus Shawn Horcoff in Flames zone.
5:51 of 1st overtime period - Shot by Andrew Ladd.
5:51 of 1st overtime period - Stopped by Jonathan Quick without a rebound.
5:52 of 1st overtime period - Ryan Getzlaf wins face-off versus Shawn Horcoff in Flames zone.
6:19 of 1st overtime period - Shot by Ryan Getzlaf.
6:19 of 1st overtime period - Shot Misses the Net.
8:21 of 1st overtime period - Icing by Matt Hunwick.
8:22 of 1st overtime period - Stephen Weiss wins face-off versus Anze Kopitar in Penguins zone.
10:04 of 1st overtime period - Shot by Gabriel Landeskog.
10:04 of 1st overtime period - Stopped by Jonathan Quick without a rebound.
10:05 of 1st overtime period - Anze Kopitar wins face-off versus Stephen Weiss in Flames zone.
10:26 of 1st overtime period - Anze Kopitar is hit by Stephane Robidas and loses puck.
10:42 of 1st overtime period - Off-side.
10:43 of 1st overtime period - Andrew Ladd wins face-off versus Mike Cammalleri in neutral zone.
10:55 of 1st overtime period - Mike Cammalleri is hit by Andrew Ladd and loses puck.
11:15 of 1st overtime period - Minor Penalty to Andrew Ladd for Roughing.
11:16 of 1st overtime period - Stephen Weiss wins face-off versus Anze Kopitar in Penguins zone.
11:58 of 1st overtime period - Shot by Anze Kopitar.
11:58 of 1st overtime period - Stopped by Marc-Andre Fleury with a rebound.
12:38 of 1st overtime period - Shot by Michael Grabner.
12:38 of 1st overtime period - Deflect By Michael Ryder.
12:38 of 1st overtime period - Stopped by Marc-Andre Fleury without a rebound.
12:39 of 1st overtime period - Ryan Getzlaf wins face-off versus Anze Kopitar in Penguins zone.
13:02 of 1st overtime period - Shot by Toni Lydman.
13:02 of 1st overtime period - Shot Blocked by Barret Jackman.
13:08 of 1st overtime period - Shot by Anze Kopitar.
13:08 of 1st overtime period - Stopped by Marc-Andre Fleury without a rebound.
13:09 of 1st overtime period - Stephen Weiss wins face-off versus Ryan Kesler in Penguins zone.
13:09 of 1st overtime period - Stephen Weiss is hit by Ryan Kesler.
14:03 of 1st overtime period - Toni Lydman is hit by Gabriel Landeskog and loses puck.
14:30 of 1st overtime period - Shot by Alexander Steen.
14:30 of 1st overtime period - Stopped by Jonathan Quick without a rebound.
14:31 of 1st overtime period - Stephen Weiss wins face-off versus Anze Kopitar in Flames zone.
15:10 of 1st overtime period - Shot by Brendan Gallagher.
15:10 of 1st overtime period - Shot Blocked by Jeff Skinner.
15:12 of 1st overtime period - Shot by Stephane Robidas.
15:12 of 1st overtime period - Shot Blocked by Jack Johnson.
15:14 of 1st overtime period - Shot by Victor Hedman.
15:14 of 1st overtime period - Goal by Victor Hedman - Penguins : 3 - Flames : 2.
Goals for this period are 1 for Penguins vs 0 for Flames.
Shots for this period are 6 for Penguins vs 7 for Flames.


Output by the SimonT Hockey Simulator (STHS) for Stephane Roy -- Original Page W3C XHTML 1.0 Valid
Hockey Simulator - Hockey Simulation - Hockey Manager